 Dungeon Crawl Stone Soup version 0.25.1-8-g42b30a86e7 (webtiles) character file.

Game seed: 16080829288102694055

507 itbelikedat the Cleaver (level 7, -3/59 HPs)
             Began as a Hill Orc Monk on Dec 24, 2020.
             Was a Priest of the Shining One.
             Slain by a mummy (11 damage)
             ... in an ossuary.
             The game lasted 00:12:09 (2381 turns).

itbelikedat the Cleaver (Hill Orc Monk)             Turns: 2381, Time: 00:12:10

Health: -3/59      AC:  9    Str: 16    XL:     7   Next: 18%
Magic:  8/8        EV: 10    Int: 10    God:    the Shining One [***...]
Gold:   83         SH:  0    Dex:  8    Spells: 6/6 levels left

rFire    . . .     SeeInvis .   a - +0 hand axe
rCold    + . .     Gourm    .   (no shield)
rNeg     + . .     Faith    .   q - +0 scale mail
rPois    .         Spirit   .   m - +1 helmet
rElec    .         Reflect  .   (no cloak)
rCorr    .         Harm     .   h - +0 pair of gloves of the Lobster {rC+ MR+ Dex-5}
MR       +....                  (no boots)
Stlth    ..........             (no amulet)
HPRegen  0.19/turn              (no ring)
MPRegen  0.11/turn              (no ring)

@: glowing
A: no striking features
a: Divine Shield, Renounce Religion


You were in an ossuary.
You worshipped the Shining One.
The Shining One was most pleased with you.
You were very hungry.

You visited 2 branches of the dungeon, and saw 6 of its levels.
You also visited: Ossuary.

You collected 83 gold pieces.

Inventory:

Hand Weapons
 a - a +0 hand axe (weapon)
 t - a +0 flail
Missiles
 f - 5 poisoned darts
 n - 51 stones (quivered)
Armour
 b - a +0 robe
 h - the +0 pair of gloves of the Lobster (worn) {rC+ MR+ Dex-5}
   (You found it on level 4 of the Dungeon)

   It affects your dexterity (-5).
   It protects you from cold.
   It affects your resistance to hostile enchantments.
 l - a +0 leather armour
 m - a +1 helmet (worn)
 q - a +0 scale mail (worn)
 s - a +0 scale mail
Scrolls
 e - a scroll of noise
 g - 3 scrolls of teleportation
 j - 6 scrolls of enchant armour
 u - a scroll of immolation {unknown}
 v - 3 scrolls of remove curse {unknown}
 w - 4 scrolls of identify
Potions
 d - a potion of curing
 k - a potion of heal wounds {unknown}
 o - a potion of flight {unknown}
 p - 2 potions of resistance
 r - 2 potions of might
 x - a potion of magic {unknown}
 z - a potion of haste {unknown}
Comestibles
 c - 2 rations


   Skills:
 + Level 4.3 Fighting
 - Level 9.8 Axes
 - Level 2.4 Dodging
 - Level 1.5 Stealth
 + Level 2.1 Invocations


You had 6 spell levels left.
You didn't know any spells.
Your spell library was empty.

Dungeon Overview and Level Annotations

Branches:
Dungeon (5/15)             Temple (1/1) D:5         Ossuary (1/1)

Altars:
Dithmenos
Elyvilon
Fedhas
Hepliaklqana
Kikubaaqudgha
Makhleb
Nemelex Xobeh
Ru
Sif Muna
Uskayaw
Yredelemnul
Zin
The Shining One

Annotations:
D:2 Robin


Message History

You hit the mummy.
The mummy is heavily damaged.
The mummy hits you!
* * * LOW HITPOINT WARNING * * *
You hit the mummy but do no damage.
The mummy is heavily damaged.
You hit the mummy but do no damage.
The mummy is heavily damaged.
The mummy misses you.
You hit the mummy.
The mummy is severely damaged.
You hit the mummy.
The mummy is severely damaged.
The mummy hits you but does no damage.
You hit the mummy.
The mummy is almost destroyed.
You hit the mummy but do no damage.
The mummy is almost destroyed.
The mummy hits you!
You die...

#.# #.+ #'##
#..# ...#####..#
...'..^^.#
...###.### #'##
### ### ##+##
..#
#####.###...#
.'##
##.^'..^.'...+
##.##
#..#######@..#
###.###.## ##M##
##.##'## ?#
#####'...#####
##
'..^'.....'..##
##.###...###..##
### ##'##
##..##### ###
##..^'.# #######


You could see a mummy.

Vanquished Creatures
  A scorpion (D:4)
  A howler monkey (D:4)
  2 orc priests
  An orc wizard (D:5)
  A worker ant (D:4)
  10 mummies (Ossuary)
  A hound skeleton (D:4)
  A howler monkey skeleton (D:5)
  7 adders
  An adder skeleton (D:5)
  An adder zombie (D:5)
  A worm (D:5)
  3 dart slugs
  3 leopard geckos
  12 orcs
  A ball python (D:2)
  2 giant cockroaches
  5 goblins
  5 hobgoblins
  2 jackals (D:2)
  4 kobolds
  A quokka (D:2)
  6 bats
  6 frilled lizards
  A gnoll skeleton (Ossuary)
  A goblin skeleton (Ossuary)
  3 kobold skeletons (Ossuary)
  2 orc skeletons (Ossuary)
  A quokka skeleton (D:4)
  2 rats
  11 rat skeletons (Ossuary)
99 creatures vanquished.

Notes
Turn   | Place    | Note
-------+----------+-------------------------------------------
     0 | D:1      | itbelikedat the Hill Orc Monk began the quest for the Orb.
     0 | D:1      | Reached XP level 1. HP: 19/19 MP: 1/1
    56 | D:1      | Reached XP level 2. HP: 12/26 MP: 2/2
    86 | D:1      | Reached skill level 5 in Axes
   317 | D:1      | Reached XP level 3. HP: 11/31 MP: 3/3
   626 | D:2      | Reached skill level 6 in Axes
   692 | D:2      | Reached XP level 4. HP: 30/39 MP: 4/4
  1253 | D:3      | Reached skill level 7 in Axes
  1275 | D:2      | Found a shimmering blue altar of Sif Muna.
  1275 | D:2      | Noticed Robin
  1424 | D:3      | Reached XP level 5. HP: 17/45 MP: 5/5
  1603 | D:4      | Found a sacrificial altar of Ru.
  1622 | D:4      | Got a pair of crude gloves
  1645 | D:4      | Reached skill level 8 in Axes
  1656 | D:4      | Identified the +0 pair of gloves of the Lobster {rC+ MR+
                  | Dex-5} (You found it on level 4 of the Dungeon)
  1663 | D:4      | Reached XP level 6. HP: 23/51 MP: 6/6
  1668 | D:4      | Reached skill level 9 in Axes
  1729 | D:5      | Entered Level 5 of the Dungeon
  1796 | D:5      | Found a staircase to the Ecumenical Temple.
  1802 | Temple   | Entered the Ecumenical Temple
  1834 | Temple   | Became a worshipper of the Shining One
  1834 | Temple   | Reached * piety under the Shining One
  1834 | Temple   | Reached ** piety under the Shining One
  1951 | D:4      | Found a sand-covered staircase.
  1955 | Ossuary  | Entered an ossuary
  2131 | Ossuary  | Reached *** piety under the Shining One
  2133 | Ossuary  | Reached skill level 1 in Invocations
  2141 | Ossuary  | Reached XP level 7. HP: 25/58 MP: 7/7
  2381 | Ossuary  | Slain by a mummy

Illustrated notes

Levels and vault maps discovered:
D:1:      minmay_arrival_jagged, layout_basic
D:2:      lemuel_upstairs_altar, layout_basic, uniq_robin
D:3:      layout_loops_corners
D:4:      layout_loops_ring, enter_ossuary_5, nicolae_ru_path_of_blood,
          uniq_purgy
D:5:      layout_basic, minmay_temple_entry_hall, first_ration,
          minmay_misc_feat_four_crosses
Temple:   kilobyte_greek_temple
Ossuary:  ossuary_due_small_catacomb

Skill      XL: |  1  2  3  4  5  6  7 |
---------------+----------------------+-----
Axes           | 5 6 7 8 9 |  9.8
Invocations    | 1 2 |  2.1
Fighting       | 4 |  4.3
Dodging        | |  2.4
Stealth        | |  1.5

Action                   |  1- 3 |  4- 6 |  7- 9 || total
-------------------------+-------+-------+-------++-------
Melee: Hand axe          |    98 |   240 |    60 ||   398
Throw: Dart              |       |    19 |       ||    19
       Stone             |       |     5 |     8 ||    13
Invok: Divine Shield     |       |     1 |     1 ||     2
  Use: Scroll            |       |     7 |       ||     7
       Potion            |       |     5 |     1 ||     6
 Stab: Sleeping          |     1 |       |       ||     1
  Eat: Chunk             |       |     4 |       ||     4
Armor: Robe              |     5 |       |       ||     5
       Leather armour    |    17 |     5 |       ||    22
       Scale mail        |       |    83 |    10 ||    93
       Skin              |       |       |     2 ||     2
Dodge: Dodged            |    58 |   117 |     9 ||   184
Block: Other             |       |     2 |     1 ||     3
